 Dungeon Crawl Stone Soup version 0.29.0-11-gd7f09526c8 (webtiles) character file.

Game seed: 4147626175984292398

98 smilodon the Trooper (level 4, -3/35 HPs)
             Began as a Demonspawn Fighter on Sept 3, 2022.
             Slain by an ogre
             ... wielding a +0 giant club
              (18 damage)
             ... on level 3 of the Dungeon.
             The game lasted 00:03:49 (2130 turns).

smilodon the Trooper (Demonspawn Fighter)           Turns: 2130, Time: 00:03:50

Health: -3/35      AC:  9    Str: 19    XL:     4   Next: 44%
Magic:  4/4        EV:  7    Int:  9    God:
Gold:   164        SH:  4    Dex: 12    Spells: 3/3 levels left

rFire   . . .      SeeInvis .   a - +1 war axe
rCold   . . .      Faith    .   c - +0 buckler
rNeg    . . .      Spirit   .   g - +0 chain mail
rPois   .          Reflect  .   (helmet restricted)
rElec   +          Harm     .   (no cloak)
rCorr   .          Rampage  .   (no gloves)
Will    .....                   (no boots)
Stlth   ..........              (no amulet)
HPRegen 0.11/turn               (no ring)
MPRegen 0.09/turn               (no ring)

@: hasted, very quick
A: antennae 1, beak, electricity resistance
a: no special abilities


You were on level 3 of the Dungeon.
You visited 1 branch of the dungeon, and saw 3 of its levels.

You collected 164 gold pieces.

Inventory:

Hand Weapons
 a - a +1 war axe (weapon)
Missiles
 h - 6 poisoned darts (quivered)
Armour
 b - a +0 scale mail
 c - a +0 buckler (worn)
 g - a +0 chain mail (worn)
Scrolls
 e - a scroll of blinking
 j - 2 scrolls of identify
 m - a scroll of silence
 o - a scroll of teleportation {unknown}
Potions
 d - 2 potions of might
 f - a potion of heal wounds
 i - a potion of curing
 k - a potion of invisibility
 n - 2 potions of cancellation {unknown}


   Skills:
 + Level 3.3 Fighting
 + Level 3.0 Axes
 + Level 3.3 Armour
 + Level 0.2 Dodging
 + Level 0.1 Stealth
 + Level 3.1 Shields


You had 3 spell levels left.
You didn't know any spells.
Your spell library was empty.

Dungeon Overview and Level Annotations

Branches:
Dungeon (3/15)

Altars:


Innate Abilities, Weirdness & Mutations

You have a pair of small antennae on your head.
You have a beak for a mouth.
You are resistant to electric shocks. (rElec)


Message History

No target in view!
No target in view!
No target in view!
No target in view!
No target in view!
No target in view!
No target in view!
You sense a monster nearby.
You open the door.
An ogre and 5 goblins come into view.
The goblin shouts! x2; The ogre shouts!
The goblin shouts!
You hear a shout! x3
Found 9 large rocks.
You feel yourself speed up.
A goblin comes into view. It is wielding a +0 club.
You closely miss the goblin. You barely miss the goblin.
The goblin closely misses you. The goblin barely misses you.
You hit the goblin.
You kill the goblin!
You slash the goblin!
You kill the goblin!
A goblin comes into view. It is wielding a +1 dagger of speed.
Your Axes skill increases to level 3!
You hit the goblin.
The goblin is severely wounded.
A goblin comes into view. It is wielding a +1 dagger of venom.
You closely miss the goblin.
The goblin is severely wounded.
You slash the ogre! You slash the goblin!
You kill the goblin!
You hit the ogre.
The ogre hits you with a +0 giant club!!
Ouch! That really hurt!
You are too injured to fight recklessly!
You are too injured to fight recklessly!
You closely miss the ogre.
The ogre is heavily wounded.
The ogre hits you with a +0 giant club!!
Ouch! That really hurt!
You die...

#..# #..# #..# ...
#..# ... #..# #.# ####
#..# #.# #(.g###..#
#.# #.ggO)#..# #.#
{#@#..## ##.##########
##.....# #...........#
#.#....# ...........##
#...#..#
#..######.#.###......#
.........###.........#
...####.#.#.###..###.#
...# #.##.## #..# .#
#... .. #.# ##.# .#


You could see an ogre and 3 goblins.

Vanquished Creatures
  4 adders (D:2)
  5 dart slugs
  5 endoplasms
  2 giant cockroaches (D:1)
  8 goblins
  3 hobgoblins (D:1)
  2 kobolds
  4 ball pythons
  6 bats
  3 frilled lizards (D:1)
  11 rats
53 creatures vanquished.

Notes
Turn   | Place    | Note
-------+----------+-------------------------------------------
     0 | D:1      | smilodon the Demonspawn Fighter began the quest for the
                  | Orb.
     0 | D:1      | Reached XP level 1. HP: 18/18 MP: 1/1
   254 | D:1      | Gained mutation: You have a pair of small antennae on your
                  | head. [demonic ancestry]
   254 | D:1      | Reached XP level 2. HP: 23/24 MP: 2/2
   726 | D:1      | Reached XP level 3. HP: 29/29 MP: 3/3
  1090 | D:1      | Gained mutation: You are resistant to electric shocks.
                  | (rElec) [potion of mutation]
  1090 | D:1      | Gained mutation: You have a beak for a mouth. [potion of
                  | mutation]
  1372 | D:2      | Reached XP level 4. HP: 24/35 MP: 4/4
  1592 | D:2      | Found a faded altar of an unknown god.
  2123 | D:3      | Noticed an ogre
  2130 | D:3      | Slain by an ogre

Illustrated notes

Levels and vault maps discovered:
D:1:      mainiacjoe_arrival_reflecting_pool, layout_loops_ring,
          minmay_rat_gold_closets
D:2:      layout_basic, shapermc_ecumenical_altar_petra,
          dreamdust_princess_corridor
D:3:      layout_loops_ring, minmay_misc_feat_room, minmay_ogre_servants

Skill      XL: |  1  2  3  4 |
---------------+-------------+-----
Axes           | 2 3 |  3.0
Armour         | 3 |  3.3
Shields        | 3 |  3.1
Fighting       | |  3.3
Dodging        | |  0.2
Stealth        | |  0.1

Action                   |  1- 3 |  4- 6 || total
-------------------------+-------+-------++-------
Melee: War axe           |   110 |    25 ||   135
       Peck              |     2 |     4 ||     6
  Use: Potion            |     4 |     1 ||     5
       Scroll            |     3 |     2 ||     5
Armor: Scale mail        |    23 |       ||    23
       Chain mail        |    36 |    10 ||    46
Dodge: Dodged            |    35 |     7 ||    42
Block: Buckler           |    25 |     5 ||    30
